 Dungeon Crawl Stone Soup version 0.20.0-8-g6b59dc7 (webtiles) character file.

223 Darkell the Slasher (level 6, -2/54 HPs)
             Began as a Tengu Gladiator on May 31, 2017.
             Slain by an orc
             ... wielding a +0 club
              (4 damage)
             ... on level 3 of the Dungeon.
             The game lasted 00:02:25 (2178 turns).

Darkell the Slasher (Tengu Gladiator)               Turns: 2178, Time: 00:02:25

Health: -2/54      AC:  4    Str: 19    XL:     6   Next: 0%
Magic:  7/7        EV: 11    Int:  8    God:
Gold:   133        SH:  8    Dex: 16    Spells: 5/5 levels left

rFire    . . .     SeeInvis .   a - +0 long sword
rCold    . . .     Gourm    .   t - +0 shield
rNeg     . . .     Faith    .   b - +0 leather armour
rPois    .         Spirit   .   c - +0 hat
rElec    .         Reflect  .   s - +0 cloak
rCorr    .         Harm     .   (no gloves)
MR       .....     Clarity  +   (boots unavailable)
Stlth    ..........             (no amulet)
Regen    0.2/turn               (no ring)
MPRegen  0.1/turn               (no ring)

@: berserking, lethally poisoned (-2 -> -13), very quick
A: beak, talons 3, clarity, deterioration 1, weak 1, able to fly 1
a: Fly


You were on level 3 of the Dungeon.
You were very hungry.

You visited 1 branch of the dungeon, and saw 3 of its levels.

You collected 133 gold pieces.

Inventory:

Hand Weapons
 a - a +0 long sword (weapon)
Missiles
 d - 3 throwing nets (quivered)
Armour
 b - a +0 leather armour (worn)
 c - a +0 hat (worn)
 s - a +0 cloak (worn)
 t - a +0 shield (worn)
Jewellery
 e - a cursed -3 ring of evasion {unknown}
 n - a +3 ring of dexterity {unknown}
Scrolls
 i - 2 scrolls of identify {unknown}
 j - a scroll of amnesia {unknown}
 k - a scroll of blinking {unknown}
 l - a scroll of fog {unknown}
 p - a scroll of enchant weapon {unknown}
 q - 2 scrolls of teleportation {unknown}
 r - a scroll of remove curse {unknown}
 w - a scroll of noise {unknown}
Potions
 m - a potion of mutation
 v - a potion of haste
Comestibles
 f - 2 bread rations
 g - 4 meat rations
 u - a royal jelly


   Skills:
 + Level 2.8 Fighting
 + Level 5.2 Long Blades
 + Level 2.1 Throwing
 + Level 2.3 Armour
 + Level 4.1 Dodging
 + Level 0.7 Stealth
 + Level 0.2 Shields


You had 5 spell levels left.
You didn't know any spells.

Dungeon Overview and Level Annotations

Branches:
Dungeon (3/15)

Altars:


Innate Abilities, Weirdness & Mutations

You have a beak for a mouth.
You have claws for feet.
You can fly.
You possess an exceptional clarity of mind.
Your body sometimes deteriorates upon taking damage.
You are weak. (Str -2)


Message History

Increase (S)trength, (I)ntelligence, or (D)exterity?
You feel stronger.
* * * LOW HITPOINT WARNING * * *
You feel sick.
It was a potion of mutation.
You feel extremely strange.
You feel weaker.
You feel yourself wasting away.
Your thoughts seem clearer.
* * * LOW HITPOINT WARNING * * *
You feel sick.
It was a potion of cancellation.
You feel magically purged.
* * * LOW HITPOINT WARNING * * *
You feel sick. The orc hits you with a club.
* * * LOW HITPOINT WARNING * * *
The orc wizard casts a spell at you. You resist with some effort.
It was a potion of berserk rage.
A red film seems to cover your vision as you go berserk!
You feel yourself moving faster!
You feel mighty!
* * * LOW HITPOINT WARNING * * *
You feel sick. The orc hits you with a club.
You die...

#.#............+.........#
#.#............#.........#
#.####'#.................#
#.####.#.###.###.........#
#.)....#.#..<......#######
###......#.######.## .
#......#. ...## .#
#......# ###...##.#
#......# #@o......#
#......# #.#......
#.##########o####.#####
##'##........o..........
#.....######........###
#...#######.......)...#.
#...# #...........oo.....
#...# #.###.......#......
#...# #.# ##......#..#...


You could see an orc wizard and 2 orcs.

Vanquished Creatures
  The ghost of Darkell the Slasher, an amateur TeGl (D:3)
  Crazy Yiuf (D:2)
  A worker ant (D:3)
  4 adders (D:2)
  An ooze (D:1)
  2 worms
  2 leopard geckos
  An orc (D:3)
  2 giant cockroaches (D:2)
  5 goblins
  8 hobgoblins
  8 kobolds
  A ball python (D:2)
  8 bats
  6 frilled lizards
  6 rats
57 creatures vanquished.

Notes
Turn   | Place    | Note
-------+----------+-------------------------------------------
     0 | D:1      | Darkell the Tengu Gladiator began the quest for the Orb.
     0 | D:1      | Reached XP level 1. HP: 12/12 MP: 2/2
    92 | D:1      | Reached XP level 2. HP: 13/17 MP: 3/3
   240 | D:1      | Reached XP level 3. HP: 14/21 MP: 4/4
   460 | D:2      | Reached skill level 4 in Long Blades
   533 | D:2      | Found a runed door.
   727 | D:2      | Reached XP level 4. HP: 25/27 MP: 5/5
   747 | D:2      | Reached skill level 1 in Armour
  1619 | D:2      | Noticed Crazy Yiuf
  1625 | D:2      | Killed Crazy Yiuf
  1735 | D:3      | Gained mutation: You can fly. [Tengu growth]
  1735 | D:3      | Reached XP level 5. HP: 23/31 MP: 6/6
  1832 | D:3      | Noticed Darkell's ghost (amateur TeGl)
  1849 | D:3      | Killed Darkell's ghost
  1849 | D:3      | Reached skill level 5 in Long Blades
  2175 | D:3      | Reached XP level 6. HP: 7/36 MP: 7/7
  2176 | D:3      | Gained mutation: You are weak. (Str -2) [potion of mutation]
  2176 | D:3      | Gained mutation: Your body sometimes deteriorates upon taking damage. [potion of mutation]
  2176 | D:3      | Gained mutation: You possess an exceptional clarity of mind. [potion of mutation]
  2178 | D:3      | HP: 2/54 [poisoned by a worker ant]
  2178 | D:3      | Slain by an orc

Skill      XL: |  1  2  3  4  5 |
---------------+----------------+-----
Long Blades    | 4 5 |  5.2
Armour         | 1 2 |  2.3
Dodging        | 4 |  4.1
Fighting       | |  2.8
Throwing       | |  2.1
Stealth        | |  0.7
Shields        | |  0.2

Action                   |  1- 3 |  4- 6 || total
-------------------------+-------+-------++-------
Melee: Long sword        |    68 |    67 ||   135
       Peck              |    14 |    24 ||    38
       Kick              |    20 |    24 ||    44
  Use: Potion            |       |     3 ||     3
 Stab: Sleeping          |     1 |     1 ||     2
  Eat: Chunk             |       |     3 ||     3
Armor: Leather armour    |    10 |     6 ||    16
Dodge: Dodged            |    65 |    40 ||   105
Block: Shield            |       |    17 ||    17
       Rpst.: Long sword |    19 |    12 ||    31
